 Dungeon Crawl Stone Soup version 0.26.1-2-gb8aa6d0cf2 (webtiles) character file.

Game seed: 16609113740973445998

94 Rennog the Skirmisher (level 4, -4/38 HPs)
             Began as a Demonspawn Wanderer on Feb 10, 2021.
             Slain by a gnoll
             ... wielding a +0 whip
              (10 damage)
             ... on level 3 of the Dungeon.
             The game lasted 00:02:52 (2167 turns).

Rennog the Skirmisher (Demonspawn Wanderer)         Turns: 2167, Time: 00:02:53

Health: -4/38      AC:  2    Str: 13    XL:     4   Next: 38%
Magic:  4/4        EV: 11    Int: 16    God:
Gold:   79         SH:  0    Dex: 10    Spells: 3/3 levels left

rFire    . . .     SeeInvis .   w - +1 spear (vorpal)
rCold    . . .     Faith    .   (no shield)
rNeg     . . .     Spirit   .   e - +0 robe
rPois    +         Reflect  .   (helmet restricted)
rElec    .         Harm     .   h - scarf {shadows}
rCorr    .         Rampage  .   (no gloves)
Will     .....                  (no boots)
Stlth    ++........             (no amulet)
HPRegen  0.12/turn              l - ring of poison resistance
MPRegen  0.09/turn              (no ring)

@: no status effects
A: antennae 1, powered by death 1
a: no special abilities


You were on level 3 of the Dungeon.
You visited 1 branch of the dungeon, and saw 3 of its levels.

You collected 79 gold pieces.

Inventory:

Hand Weapons
 a - a +2 quarterstaff
 b - a +0 spear
 d - a +0 dagger
 w - a +1 vorpal spear (weapon)
Missiles
 c - 10 poisoned darts (quivered)
Armour
 e - a +0 robe (worn)
 h - a scarf of shadows (worn)
Jewellery
 l - a ring of poison resistance (left hand)
 p - an uncursed ring of magical power {unknown}
Wands
 s - a wand of paralysis (6)
Scrolls
 f - a scroll of fear {unknown}
 j - 3 scrolls of teleportation {unknown}
 n - 2 scrolls of remove curse {unknown}
 q - a scroll of amnesia {unknown}
 r - a scroll of identify {unknown}
 v - a scroll of noise {unknown}
Potions
 g - a potion of degeneration {unknown}
 i - 2 potions of magic {unknown}
 k - a potion of cancellation {unknown}
 m - 2 potions of curing {unknown}
 o - a potion of might {unknown}
 t - a potion of resistance {unknown}
 u - a potion of brilliance {unknown}


   Skills:
 * Level 4.7 Fighting
 - Level 1.7(2.1) Polearms
 - Level 1.7(2.1) Staves
 - Level 1.0 Throwing
 - Level 2.6 Stealth


You had 3 spell levels left.
You didn't know any spells.
Your spell library was empty.

Dungeon Overview and Level Annotations

Branches:
Dungeon (3/15)

Altars:


Innate Abilities, Weirdness & Mutations

You have a pair of small antennae on your head.
You regenerate a little health from kills.


Message History

You kill the gnoll!
You barely miss the gnoll.
The gnoll is moderately wounded.
You hear the slow rusting of a distant drain.
The gnoll barely misses you.
You hit the gnoll.
The gnoll is almost dead.
The gnoll hits you but does no damage.
You hit the gnoll but do no damage.
The gnoll is almost dead.
The gnoll hits you with a +0 whip.
* * * LOW HITPOINT WARNING * * *
You hit the gnoll but do no damage.
The gnoll is almost dead.
The gnoll hits you with a +0 whip.
* * * LOW HITPOINT WARNING * * *
You barely miss the gnoll.
The gnoll is almost dead.
The gnoll hits you with a +0 whip!
You die...

#.....# #..... #.... #..
{ #..# ..g #...#.#
#######..#.g.. .#.#.#.#
#.........g...
..!..#.###.###..g######
...#.#.....#........
+.#.#.#.#@#(..##.##
#.....#.#g#........
#...#....g#..#...## ##
##+...#.#.#.........
#.####..####.#.##########
.$......<..#.#.(
...†..####.#.# ##
......## ... .......# ##


You could see 2 gnolls.

Vanquished Creatures
  2 gnolls (D:3)
  2 adders (D:2)
  2 oozes (D:2)
  A worm (D:2)
  2 dart slugs
  A leopard gecko (D:1)
  4 bats
  2 giant cockroaches (D:2)
  6 goblins
  5 hobgoblins
  4 kobolds
  A ball python (D:1)
  6 frilled lizards
  5 rats
43 creatures vanquished.

Notes
Turn   | Place    | Note
-------+----------+-------------------------------------------
     0 | D:1      | Rennog the Demonspawn Wanderer began the quest for the Orb.
     0 | D:1      | Rennog set off with the following items: a +2 quarterstaff,
                  | a +0 spear, 10 poisoned darts, a +0 dagger, a +0 robe
     0 | D:1      | Reached XP level 1. HP: 16/16 MP: 1/1
   528 | D:1      | Gained mutation: You regenerate a little health from kills.
                  | [demonic ancestry]
   528 | D:1      | Reached XP level 2. HP: 15/23 MP: 2/2
   676 | D:1      | Reached skill level 3 in Fighting
  1279 | D:2      | Gained mutation: You have a pair of small antennae on your
                  | head. [demonic ancestry]
  1279 | D:2      | Reached XP level 3. HP: 29/29 MP: 3/3
  1451 | D:2      | Reached skill level 4 in Fighting
  1887 | D:2      | Reached XP level 4. HP: 32/38 MP: 4/4
  2167 | D:3      | Slain by a gnoll

Illustrated notes

Levels and vault maps discovered:
D:1:      mrwooster_arrival_statue, layout_rooms
D:2:      minmay_recursive_quarters, layout_basic, grunt_ministairs_8
D:3:      layout_basic, gup_sewer_entry_bowl, uniq_ijyb

Skill      XL: |  1  2  3 |
---------------+----------+-----
Fighting       | 3 4 |  4.7
Polearms       | |  1.7
Staves         | |  1.7
Throwing       | |  1.0
Stealth        | |  2.6

Action                   |  1- 3 |  4- 6 || total
-------------------------+-------+-------++-------
Melee: Quarterstaff      |    96 |     8 ||   104
       Spear             |       |    21 ||    21
 Stab: Sleeping          |     4 |     1 ||     5
Armor: Robe              |     8 |     5 ||    13
Dodge: Dodged            |    66 |    22 ||    88
